 Dungeon Crawl Stone Soup version 0.31.0-32-g396128a36d (webtiles) character file.

Game seed: 9583467371578942558

966 bnorton916 the Magician (level 7, -2/36 HPs)
             Began as a Deep Elf Fire Elementalist on Apr 10, 2024.
             Was an Initiate of Gozag.
             Killed from afar by an orc wizard (6 damage)
             ... with a puff of flame
             ... on level 5 of the Dungeon.
             The game lasted 00:07:06 (6729 turns).

bnorton916 the Magician (DEFE)                      Turns: 6729, Time: 00:07:06

Health: -2/36      AC:  4    Str:  5    XL:     7   Next: 93%
Magic:  7/20       EV: 12    Int: 22    God:    Gozag
Gold:   736        SH:  0    Dex: 15    Spells: 12/21 levels left

rFire   + . .        y - staff of fire
rCold   . . .        (no shield)
rNeg    . . .        a - +0 robe
rPois   .            (no helmet)
rElec   .            (no cloak)
rCorr   .            x - +0 pair of gloves
SInv    +            z - +0 pair of boots
Will    +....        (no amulet)
Stlth   ++           j - ring of willpower
HPRegen 0.26/turn    r - ring of see invisible
MPRegen 0.17/turn

%: no passive effects
@: no status effects
A: no striking features
a: Renounce Religion, Potion Petition, Call Merchant, Bribe Branch


You were on level 5 of the Dungeon.
You worshipped Gozag.
Gozag was pleased with you.
You visited 2 branches of the dungeon, and saw 6 of its levels.

You collected 776 gold pieces.
You paid 40 gold pieces to Gozag.

Inventory:

Hand Weapons
 s - a +3 dagger
Missiles
 c - 7 poisoned darts
Armour
 a - a +0 robe (worn)
 x - a +0 pair of gloves (worn)
 z - a +0 pair of boots (worn)
Magical Staves
 y - a staff of fire (weapon)
Jewellery
 j - a ring of willpower (left hand)
 r - a ring of see invisible (right hand)
 w - a +4 ring of slaying
Wands
 m - a wand of flame (26)
Scrolls
 d - a scroll of noise {unknown}
 g - a scroll of poison {unknown}
 h - 2 scrolls of identify {unknown}
 i - a scroll of revelation {unknown}
 B - a scroll of blinking {unknown}
 D - a scroll of torment {unknown}
Potions
 b - a potion of magic
 e - a potion of haste {unknown}
 f - a potion of invisibility {unknown}
 k - a potion of degeneration {unknown}
 l - a potion of resistance {unknown}
 n - 3 potions of curing
 o - a potion of mutation {unknown}
 p - a potion of attraction {unknown}
 q - a potion of ambrosia {unknown}
 t - a potion of heal wounds {unknown}
 u - 2 potions of cancellation {unknown}
 v - 2 potions of brilliance {unknown}
 A - a potion of lignification {unknown}
 C - a potion of might {unknown}


   Skills:
 - Level 2.4 Dodging
 - Level 2.4 Stealth
 + Level 7.5 Spellcasting
 + Level 5.7 Conjurations
 + Level 0.6 Summonings
 + Level 6.5 Fire Magic


You had 12 spell levels left.
You knew the following spells:

 Your Spells              Type           Power      Damage    Failure   Level
a - Foxfire               Conj/Fire      100%       2x1d9     1%          1
b - Scorch                Fire           100%       2d9       1%          2
c - Flame Wave            Conj/Fire      52%        2d13      6%          4
d - Call Imp              Summ           22%        N/A       9%          2

Your spell library contained the following spells:

 Spells                   Type           Power      Damage    Failure   Level
 Magic Dart               Conj           100%       1d8       1%          1
 Inner Flame              Hex/Fire       34%        N/A       6%          3
 Volatile Blastmotes      Fire/Tloc      68%        2d15      6%          3
 Blink                    Tloc           16%        N/A       12%         2
 Ensorcelled Hibernation  Hex/Ice        16%        N/A       12%         2
 Lesser Beckoning         Tloc           16%        N/A       12%         2
 Gell's Gravitas          Tloc           8%         N/A       24%         3
 Passwall                 Erth           8%         N/A       24%         3
 Swiftness                Air            8%         N/A       24%         3
 Teleport Other           Tloc           8%         N/A       24%         3
 Dispersal                Tloc           4%         N/A       100%        6


Dungeon Overview and Level Annotations

Branches:
Dungeon (5/15)             Temple (1/1) D:4

Altars:
Cheibriados
Dithmenos
Elyvilon
Fedhas
Gozag
Hepliaklqana
Makhleb
Okawaru
Qazlal
Ru
Uskayaw
Vehumet
Wu Jian
Yredelemnul
Zin
The Shining One


Message History

The orc wizard casts a spell at you. The puff of flame misses you.
It was a potion of curing.
You feel better. The orc barely misses you.
The orc wizard hits you with a +0 dagger.
* * * LOW HITPOINT WARNING * * *
The orc wizard hits you with a +0 dagger.
* * * LOW HITPOINT WARNING * * *
The orc attacks as it pursues you! The orc barely misses you.
The orc wizard gestures wildly while chanting.
The orc wizard flickers and vanishes for a moment.
The orc wizard attacks as it pursues you!
The orc wizard hits you with a +0 dagger.
* * * LOW HITPOINT WARNING * * *
You feel better. The orc closely misses you.
The orc wizard casts a spell at you. The magic dart hits you.
* * * LOW HITPOINT WARNING * * *
Casting: Scorch (safe; 1% risk of failure)
Confirm with . or Enter, or press ? or * to list all spells.
You feel a surge of power!
Flames lash the orc.
You kill the orc!
The orc wizard hits you with a +0 dagger.
* * * LOW HITPOINT WARNING * * *
Unknown command.
Casting: Scorch (safe; 1% risk of failure)
Confirm with . or Enter, or press ? or * to list all spells.
You feel a surge of power!
Flames lash the orc wizard.
You kill the orc wizard!
Unknown command.
Items here: $ ))) [.
The orc wizard completely misses you.
Casting: Scorch (safe; 1% risk of failure)
Confirm with . or Enter, or press ? or * to list all spells.
You feel a surge of power!
Flames lash the orc wizard.
The orc wizard is heavily wounded.
The orc wizard's fire resistance burns away.
The orc wizard gestures at you while chanting.
The puff of flame hits you. You resist.
You die...
Your body crumbles into a pile of gold.

#..........# ##.##
#.....##
##.........###...##
#####..#
#(..._...........
#.#.
#.##....####....
#.## ..#.#.#
########.#
#.#.#.####........#
#.....).)..########
###.#.###### #@#.#
#.#####o#!######
#......$.........
########$.######.
.$.# ....# ......
.....$.# .........


You could see an orc wizard (invisible, combustible).

Vanquished Creatures
  2 ice beasts (D:5)
  2 ogres
  4 scorpions
  2 orc priests
  A hound (D:5)
  A bombardier beetle (D:4)
  An orc wizard (D:5)
  4 gnolls (D:2)
  7 adders
  A dart slug (D:1)
  2 ribbon worms
  15 orcs
  6 ball pythons
  4 bats
  8 endoplasms
  5 giant cockroaches
  8 hobgoblins
  14 jackals
  5 quokkas
  12 frilled lizards
  7 goblins
  6 kobolds
  2 rats (D:1)
119 creatures vanquished.

Vanquished Creatures (others)
  410 foxfires
410 creatures vanquished.

Grand Total: 529 creatures vanquished

Notes
Turn   | Place    | Note
-------+----------+-------------------------------------------
     0 | D:1      | bnorton916 the Deep Elf Fire Elementalist began the quest
                  | for the Orb.
     0 | D:1      | Reached XP level 1. HP: 10/10 MP: 6/6
   204 | D:1      | Reached XP level 2. HP: 15/15 MP: 6/8
   751 | D:1      | Reached XP level 3. HP: 19/19 MP: 7/10
  1271 | D:2      | Reached skill level 4 in Spellcasting
  1401 | D:2      | You fall into a shaft and drop 2 floors!
  1416 | D:4      | Noticed a scorpion
  1435 | D:4      | Learned a level 2 spell: Scorch
  1444 | D:4      | Found a staircase to the Ecumenical Temple.
  1456 | Temple   | Entered the Ecumenical Temple
  1468 | Temple   | Became a worshipper of Gozag Ym Sagoz the Greedy
  1502 | D:4      | Reached XP level 4. HP: 24/24 MP: 8/12
  2086 | D:3      | Found a shadowy altar of Dithmenos.
  2150 | D:3      | Reached XP level 5. HP: 11/28 MP: 7/14
  3081 | D:3      | Reached skill level 5 in Spellcasting
  4461 | D:4      | Noticed an ogre
  4469 | D:4      | Killed an ogre
  4470 | D:4      | Reached skill level 5 in Fire Magic
  4470 | D:4      | Reached XP level 6. HP: 32/32 MP: 10/16
  4784 | D:4      | Reached skill level 6 in Spellcasting
  5150 | D:4      | Found an iron altar of Okawaru.
  5417 | D:4      | Found a blossoming altar of Fedhas.
  5424 | D:4      | Found a snail-covered altar of Cheibriados.
  5723 | D:5      | Entered Level 5 of the Dungeon
  5757 | D:5      | Found a burning altar of Makhleb.
  5759 | D:5      | Found a glowing silver altar of Zin.
  5760 | D:5      | Found a radiant altar of Vehumet.
  5764 | D:5      | Found a stormy altar of Qazlal.
  5787 | D:5      | Learned a level 4 spell: Flame Wave
  5928 | D:5      | Noticed an ice beast
  5938 | D:5      | Killed an ice beast
  5939 | D:5      | Reached XP level 7. HP: 36/36 MP: 10/18
  6022 | D:5      | Reached skill level 5 in Conjurations
  6026 | D:5      | Reached skill level 7 in Spellcasting
  6439 | D:5      | Learned a level 2 spell: Call Imp
  6717 | D:5      | HP: 1/36 [orc wizard/magic dart (8)]
  6729 | D:5      | Killed from afar by an orc wizard

Illustrated notes

Levels and vault maps discovered:
D:1:      minmay_arrival_stair_chambers, layout_rooms, minmay_lizard_pond
D:2:      minmay_inner_zag, layout_basic
D:3:      minmay_recursive_quarters, layout_basic,
          nicolae_dithmenos_through_a_glass_darkly, nrook_loot_triangle,
          minmay_puff
D:4:      layout_loops_ring, kennysheep_little_box,
          amethyst_overflow_temple_binary, minmay_temple_entry_ruins,
          kennysheep_small_spiral
D:5:      layout_loops_corners, grunt_temple_overflow_open,
          eino_small_chamber_without_monster, dk_noncrumbling_3,
          serial_library_regret_index_small_wings, minivault_19
Temple:   hellmonk_temple_forest_ring

Skill      XL: |  1  2  3  4  5  6  7 |
---------------+----------------------+-----
Conjurations   | 2 3 4 5 |  5.7
Spellcasting   | 4 5 6 7 |  7.5
Fire Magic     | 4 5 6 |  6.5
Dodging        | |  2.4
Stealth        | |  2.4
Summonings     | |  0.6

Action                     |  1- 3 |  4- 6 |  7- 9 || total
---------------------------+-------+-------+-------++-------
  Melee: Unarmed           |       |     1 |       ||     1
   Cast: Foxfire           |    78 |   148 |    28 ||   254
         Scorch            |     1 |    20 |    12 ||    33
    Use: Potion            |       |       |     2 ||     2
 Armour: Robe              |     6 |    15 |    24 ||    45
  Dodge: Dodged            |     4 |    24 |    16 ||    44
